 Dungeon Crawl Stone Soup version 0.30.0-10-gfe55d96785 (webtiles) character file.

Game seed: 10315363524650956874

6 croobank the Firebug (level 1, 13/13 HPs)
             Began as a Gnoll Fire Elementalist on May 16, 2023.
             Quit the game on level 1 of the Dungeon.
             The game lasted 00:06:00 (181 turns).

croobank the Firebug (Gnoll Fire Elementalist)       Turns: 181, Time: 00:06:00

Health: 13/13      AC:  2    Str:  7    XL:     1   Next: 90%
Magic:  6/6        EV: 13    Int: 14    God:
Gold:   0          SH:  0    Dex: 12    Spells: 8/9 levels left

rFire   . . .        c - +0 short sword
rCold   . . .        (no shield)
rNeg    . . .        a - +0 robe
rPois   .            (no helmet)
rElec   .            (no cloak)
rCorr   .            (no gloves)
SInv    .            (no boots)
Will    .....        (no amulet)
Stlth   ++           (no ring)
HPRegen 0.22/turn    (no ring)
MPRegen 0.10/turn

%: no passive effects
@: no status effects
A: fangs 1, strong nose, distributed training
a: no special abilities


You were on level 1 of the Dungeon.
You visited 1 branch of the dungeon, and saw 1 of its levels.

Inventory:

Hand Weapons
 c - a +0 short sword (weapon)
Armour
 a - a +0 robe (worn)
Scrolls
 d - a scroll of brand weapon {unknown}
 f - a scroll of magic mapping {unknown}
Potions
 b - a potion of magic
 e - 2 potions of flight {unknown}
 g - 2 potions of heal wounds {unknown}


   Skills:
 + Level 0.2 Fighting
 + Level 0.2 Short Blades
 + Level 0.2 Long Blades
 + Level 0.2 Axes
 + Level 0.2 Maces & Flails
 + Level 0.2 Polearms
 + Level 0.2 Staves
 + Level 0.2 Ranged Weapons
 + Level 0.2 Throwing
 + Level 0.2 Armour
 + Level 4.4 Dodging
 + Level 4.0 Stealth
 + Level 0.2 Shields
 + Level 0.2 Unarmed Combat
 + Level 4.9 Spellcasting
 + Level 2.0 Conjurations
 + Level 0.1 Hexes
 + Level 0.1 Summonings
 + Level 0.1 Necromancy
 + Level 0.1 Translocations
 + Level 0.1 Transmutations
 + Level 5.3 Fire Magic
 + Level 0.1 Ice Magic
 + Level 0.1 Air Magic
 + Level 0.1 Earth Magic
 + Level 0.1 Poison Magic
 + Level 0.3 Invocations
 + Level 0.2 Evocations


You had 8 spell levels left.
You knew the following spells:

 Your Spells              Type           Power      Damage    Failure   Level
a - Foxfire               Conj/Fire      52%        2x1d6     4%          1

Your spell library contained the following spells:

 Spells                   Type           Power      Damage    Failure   Level
 Scorch                   Fire           36%        2d7       3%          2
 Inner Flame              Hex/Fire       11%        N/A       17%         3
 Volatile Blastmotes      Fire/Tloc      22%        2d11      17%         3
 Flame Wave               Conj/Fire      13%        2d6       36%         4


Dungeon Overview and Level Annotations

Branches:
Dungeon (1/15)

Altars:

Shops:
D:1 :


Innate Abilities, Weirdness & Mutations

You have very sharp teeth.
Your uncanny sense of smell can sniff out nearby items.
Your experience applies equally to all skills.


Message History

Unknown command.
You open the door.
There is an open door here.
Key pressed, stopping explore.
Unknown command.
Unknown command.
Unknown command.
Unknown command.
Key pressed, stopping explore.
Unknown command.
Key pressed, stopping explore.
Unknown command.
Key pressed, stopping explore.
Unknown command.
e - a purple potion
e - 2 purple potions (gained 1)
f - a scroll labelled OPEHUO XOYDOCH
g - 2 glowing cyan potions You conjure some foxfire!
Welcome back, croobank the Gnoll Fire Elementalist.
Press ? for a list of commands and other information.
Your foxfire dissipates! x2
Magic restored.
An endoplasm comes into view.
The helpless endoplasm fails to defend itself.
You puncture the endoplasm!
You kill the endoplasm!
Found a stone staircase leading down.
Found Nijaru's Book Shop.
Char dumped successfully.
Char dumped successfully.
Welcome back, croobank the Gnoll Fire Elementalist.
Press ? for a list of commands and other information.
Welcome back, croobank the Gnoll Fire Elementalist.
Press ? for a list of commands and other information.
There is an entrance to Nijaru's Book Shop here.
(D) Dungeon
Where to? (? - help)
Okay, then.
Are you sure you want to abandon this character and quit the game? (Confirm with "yes".)

........##
#.....# #
##.##.#.#
#.....####
. ...#.#
#.....##..
#... #.#
########..
>.... #.##
#.. .#.#
#..### #..
.. ##.#.##
#.. #..#..#
#.. ∆ ###@#
#).
.......#..#
#.. .###.#.
.## #####..
.. .. ##
....... ##
..# ....##.
... #...#
## ####
.... . ...
. .. ##


There were no monsters in sight!

Vanquished Creatures
  A ball python (D:1)
  2 endoplasms (D:1)
  A kobold (D:1)
  A rat (D:1)
5 creatures vanquished.

Vanquished Creatures (others)
  15 foxfires (D:1)
15 creatures vanquished.

Grand Total: 20 creatures vanquished

Notes
Turn   | Place    | Note
-------+----------+-------------------------------------------
     0 | D:1      | croobank the Gnoll Fire Elementalist began the quest for
                  | the Orb.
     0 | D:1      | Reached XP level 1. HP: 13/13 MP: 6/6
   172 | D:1      | Found Nijaru's Book Shop.
   181 | D:1      | Quit the game

Illustrated notes

Levels and vault maps discovered:
D:1:      heliophobic_arrival_ceremonial_halls, layout_basic, serial_shops,
          nicolae_book_shop_shelving, minmay_strange_pillars

Skill      XL: |  1 |
---------------+----+-----
Conjurations   | 2 |  2.0
Fighting       | |  0.2
Short Blades   | |  0.2
Long Blades    | |  0.2
Axes           | |  0.2
Maces & Flails | |  0.2
Polearms       | |  0.2
Staves         | |  0.2
Ranged Weapons | |  0.2
Throwing       | |  0.2
Armour         | |  0.2
Dodging        | |  4.4
Stealth        | |  4.0
Shields        | |  0.2
Unarmed Combat | |  0.2
Spellcasting   | |  4.9
Hexes          | |  0.1
Summonings     | |  0.1
Necromancy     | |  0.1
Translocations | |  0.1
Transmutations | |  0.1
Fire Magic     | |  5.3
Ice Magic      | |  0.1
Air Magic      | |  0.1
Earth Magic    | |  0.1
Poison Magic   | |  0.1
Invocations    | |  0.3
Evocations     | |  0.2

Action                     || total
---------------------------++-------
  Melee: Short sword       ||     1
   Cast: Foxfire           ||     9
   Stab: Sleeping          ||     1
